 Dungeon Crawl Stone Soup version 0.18.1-48-g4cf74bf (webtiles) character file.

116 WarriorsX the Skirmisher (level 5, 0/43 HPs)
             Began as a Human Fighter on July 30, 2016.
             Killed by nerve-wracking pain
             ... invoked by Joat's ghost
              (12 damage)
             ... on level 3 of the Dungeon.
             The game lasted 00:05:50 (1983 turns).

WarriorsX the Skirmisher (Human Fighter)            Turns: 1983, Time: 00:05:51

Health: 0/43       AC: 10    Str: 17    XL:     5   Next: 21%
Magic:  5/5        EV:  6    Int: 15    God:
Gold:   139        SH:  9    Dex: 12    Spells: 0 memorised, 4 levels left

rFire  + + .     SeeInvis .     a - +0 long sword
rCold  x . .     Gourm    .     s - +0 fire dragon armour
rNeg   . . .     Faith    .     c - +0 shield
rPois  .         Spirit   .     (no helmet)
rElec  .         Dismiss  .     r - +0 cloak
rCorr  .         Reflect  .     (no gloves)
SustAt .         Harm     .     (no boots)
MR     .....                    (no amulet)
Stlth  ..........               (no ring)
                                j - +6 ring of intelligence

@: not resistant to hostile enchantments, extremely unstealthy
A: no striking features
a: no special abilities


You were on level 3 of the Dungeon.
You were hungry.

You visited 1 branch of the dungeon, and saw 3 of its levels.

You collected 139 gold pieces.

Inventory:

Hand Weapons
 a - a +0 long sword (weapon)
Armour
 c - a +0 shield (worn)
 r - a +0 cloak (worn)
 s - a +0 fire dragon armour (worn)
Jewellery
 j - a +6 ring of intelligence (left hand)
Scrolls
 e - 4 scrolls of identify {unknown}
 g - a scroll of noise {unknown}
 k - 2 scrolls of recharging {unknown}
 n - a scroll of enchant armour {unknown}
 o - 2 scrolls of enchant weapon {unknown}
 q - 3 scrolls of blinking {unknown}
Potions
 d - a potion of might
 h - 3 potions of curing
Miscellaneous
 m - a plain deck of defence {drawn: 2}
Comestibles
 f - 3 bread rations
 i - 7 fruits
 l - a beef jerky
 p - 2 meat rations


   Skills:
 - Level 4.4 Fighting
 + Level 3.6 Long Blades
 - Level 3.0 Armour
 - Level 0.2 Stealth
 - Level 3.0 Shields


You had 4 spell levels left.
You didn't know any spells.

Dungeon Overview and Level Annotations

Branches:
Dungeon (3/15)

Altars:
Nemelex Xobeh

Annotations:
D:3 Joat's ghost, amateur DDNe


Message History

Pain shoots through your body!
Joat's ghost gestures at you while chanting.
Pain shoots through your body!
You slash Joat's ghost!
Joat's ghost is moderately damaged.
Joat's ghost hits you.
You hit Joat's ghost.
Joat's ghost is moderately damaged.
Joat's ghost hits you but does no damage.
You slash Joat's ghost!
Joat's ghost is heavily damaged.
Joat's ghost hits you but does no damage.
Joat's ghost completely misses you.
You hit Joat's ghost.
Joat's ghost is heavily damaged.
Joat's ghost hits you.
* * * LOW HITPOINT WARNING * * *
Joat's ghost casts a spell at you. Pain shoots through your body!
You die...

#...###.#............##....
#.......#.......#..........
##......##.#.......##+##....
...........#....#### ####.
#########.####..###..# ##
.......#.......##.#..#
#...##....W.'.(#..#
#...........##.#.)#
#...#.....@..###.(# ##
#...#......#...##'# #+##.
#.#####...#.###.........#####....
#...........###.....###..........
######.#................(........
#.#.#####......###..........
#.#.....#.....######........
#.#####.#.#.......##........ #.#
#.#.#######.##........


You could see Joat's ghost.

Vanquished Creatures
  Jessica (D:2)
  Natasha (D:2)
  An adder (D:2)
  2 oozes
  A worm (D:3)
  2 dart slugs (D:2)
  A giant gecko (D:3)
  An orc (D:3)
  A ball python (D:2)
  4 giant cockroaches
  5 goblins
  6 hobgoblins
  7 bats
  2 giant newts
  3 kobolds
  4 rats
42 creatures vanquished.

Notes
Turn   | Place    | Note
--------------------------------------------------------------
     0 | D:1      | WarriorsX the Human Fighter began the quest for the Orb.
     0 | D:1      | Reached XP level 1. HP: 18/18 MP: 1/1
     1 | D:1      | Noticed an electric eel
   335 | D:1      | Reached XP level 2. HP: 24/24 MP: 2/2
   912 | D:2      | Found a sparkling altar of Nemelex Xobeh.
   918 | D:2      | Noticed Jessica
   923 | D:2      | Killed Jessica
   923 | D:2      | Reached skill level 4 in Fighting
   923 | D:2      | Reached XP level 3. HP: 19/31 MP: 3/3
  1133 | D:2      | Reached XP level 4. HP: 38/38 MP: 4/4
  1604 | D:2      | Noticed Natasha
  1634 | D:2      | Killed Natasha
  1664 | D:2      | Reached XP level 5. HP: 26/43 MP: 5/5
  1967 | D:3      | Noticed Joat's ghost (amateur DDNe)
  1983 | D:3      | Killed from afar by Joat's ghost

Skill      XL: |  1  2  3  4 |
---------------+-------------+-----
Fighting       | 4 |  4.4
Long Blades    | 3 |  3.6
Armour         | |  3.0
Stealth        | |  0.2
Shields        | |  3.0

Action                   |  1- 3 |  4- 6 || total
-------------------------+-------+-------++-------
Melee: Long sword        |    74 |    95 ||   169
Evoke: Deck              |     1 |     1 ||     2
  Eat: Chunk             |     1 |     2 ||     3
Armor: Scale mail        |    41 |    21 ||    62
       Fire dragon armou |       |    33 ||    33
Dodge: Dodged            |    27 |    23 ||    50
Block: Shield            |    34 |    47 ||    81
